 Dungeon Crawl Stone Soup version 0.21.0-24-g2553a33 (webtiles) character file.

442 Stelteck the Slinger (level 7, -4/44 HPs)
             Began as a Halfling Hunter on Jan 20, 2018.
             Slain by Edmund
             ... wielding a +6 flail of protection
              (6 damage)
             ... on level 3 of the Dungeon on Jan 21, 2018.
             The game lasted 00:14:09 (2697 turns).

Stelteck the Slinger (Halfling Hunter)              Turns: 2697, Time: 00:14:10

Health: -4/44      AC:  3    Str: 13    XL:     7   Next: 23%
Magic:  7/7        EV: 14    Int:  9    God:
Gold:   251        SH:  0    Dex: 17    Spells: 6/6 levels left

rFire    . . .     SeeInvis .   b - +0 short sword
rCold    . . .     Gourm    .   (shield restricted)
rNeg     . . .     Faith    .   c - +0 leather armour
rPois    .         Spirit   .   (no helmet)
rElec    .         Reflect  .   (no cloak)
rCorr    .         Harm     .   (no gloves)
MR       .....                  (no boots)
Stlth    ++........             (no amulet)
HPRegen  0.14/turn              (no ring)
MPRegen  0.10/turn              (no ring)

@: no status effects
A: small, mutation resistance 1
a: no special abilities


You were on level 3 of the Dungeon.
You were not hungry.

You visited 1 branch of the dungeon, and saw 4 of its levels.

You collected 251 gold pieces.

Inventory:

Hand Weapons
 a - a +2 hunting sling
 b - a +0 short sword (weapon)
Missiles
 h - 96 stones (quivered)
 l - 5 sling bullets
Armour
 c - a +0 leather armour (worn)
Scrolls
 e - 2 scrolls of identify
 g - 2 scrolls of teleportation
 k - 2 scrolls of remove curse
 m - a scroll of magic mapping
 o - a scroll of amnesia {unknown}
Potions
 i - a potion of might
 j - a potion of curing
 p - 2 potions of ambrosia
Comestibles
 f - 3 rations
 n - 3 chunks of flesh


   Skills:
 - Level 1.7 Fighting
 + Level 11.4 Slings
 - Level 2.1 Dodging
 - Level 1.1 Stealth


You had 6 spell levels left.
You didn't know any spells.

Dungeon Overview and Level Annotations

Branches:
Dungeon (4/15)
 Temple: D:4-7

Altars:
Makhleb

Annotations:
D:3 Edmund
D:4 Sigmund


Innate Abilities, Weirdness & Mutations

You are small and have problems with some larger weapons.
You are somewhat resistant to further mutation.


Message History

You hit something but do no damage. Something hits you!
* * * LOW HITPOINT WARNING * * *
Okay, then.
Edmund appears from thin air!
Reactivating autopickup.
Edmund says, "You wouldn't believe how much I paid for this flail."
You feel better.
You barely miss Edmund.
Edmund is heavily wounded.
Edmund hits you with a flail of protection!
* * * LOW HITPOINT WARNING * * *
You barely miss Edmund.
Edmund is heavily wounded.
Edmund hits you with a flail of protection!
* * * LOW HITPOINT WARNING * * *
You barely miss Edmund.
Edmund is heavily wounded.
Edmund gestures with his flail.
Edmund hits you with a flail of protection.
You die...

#...........# #....#.#
#...........# ##)..##.#
###.........# ###...###.#
###...........###.....# #.#
....#.........##..#.### #.#
....................# #.#
.....#..#####..#..### #.# ###
...#.##.# ##.#.....## #.# ##..
...#.##.# #....@##..# #.# ##...
..#...#.# #...#@###.## #.# #....
##......# ##...#.# #..###.# #....
#....##.# #..###.# ##.....# #....
#....##.###.)###.## ####..###....
.#...##.##..รท##...# ##.......[
..##.........##...#######........
.........#.#.##.........#........
.............##..................


You could see Edmund.

Vanquished Creatures
  Grinder (D:4)
  Terence (D:2)
  2 worker ants (D:4)
  3 gnolls (D:3)
  5 adders
  2 oozes
  A dart slug (D:3)
  4 leopard geckos
  6 orcs (D:3)
  2 ball pythons
  4 bats
  7 giant cockroaches
  7 goblins
  8 hobgoblins
  4 quokkas
  7 frilled lizards
  8 kobolds
  9 rats
81 creatures vanquished.

Notes
Turn   | Place    | Note
-------+----------+-------------------------------------------
     0 | D:1      | Stelteck the Halfling Hunter began the quest for the Orb.
     0 | D:1      | Reached XP level 1. HP: 14/14 MP: 1/1
    16 | D:1      | Reached skill level 6 in Slings
    87 | D:1      | Reached XP level 2. HP: 19/19 MP: 2/2
   320 | D:1      | Reached skill level 7 in Slings
   320 | D:1      | Reached XP level 3. HP: 21/24 MP: 3/3
   788 | D:2      | Reached XP level 4. HP: 29/29 MP: 4/4
   870 | D:2      | Reached skill level 8 in Slings
  1054 | D:2      | Noticed Terence
  1070 | D:2      | Killed Terence
  1080 | D:2      | Reached XP level 5. HP: 34/34 MP: 5/5
  1529 | D:2      | Found a burning altar of Makhleb.
  1531 | D:2      | Noticed a blizzard demon
  1535 | D:2      | Noticed a hellwing
  1535 | D:2      | Noticed a ynoxinul
  1652 | D:3      | Reached skill level 9 in Slings
  2147 | D:3      | Reached XP level 6. HP: 39/39 MP: 6/6
  2416 | D:4      | Reached skill level 10 in Slings
  2536 | D:4      | Noticed Grinder
  2551 | D:4      | Killed Grinder
  2551 | D:4      | Reached skill level 11 in Slings
  2551 | D:4      | Reached XP level 7. HP: 41/44 MP: 7/7
  2646 | D:4      | Noticed Edmund
  2659 | D:4      | Noticed Sigmund
  2692 | D:3      | HP: 2/44 [Edmund/flail of protection (7)]
  2697 | D:3      | Slain by Edmund

Skill      XL: |  1  2  3  4  5  6 |
---------------+-------------------+-----
Slings         | 6 7 8 9 11 | 11.4
Fighting       | |  1.7
Dodging        | |  2.1
Stealth        | |  1.1

Action                   |  1- 3 |  4- 6 |  7- 9 || total
-------------------------+-------+-------+-------++-------
Melee: Short sword       |       |    26 |     6 ||    32
 Fire: Hunting sling     |    83 |   162 |    15 ||   260
  Use: Scroll            |     2 |    10 |       ||    12
       Potion            |       |     1 |     2 ||     3
  Eat: Chunk             |       |     5 |       ||     5
Armor: Leather armour    |     2 |     9 |       ||    11
Dodge: Dodged            |    14 |    62 |     2 ||    78
